Map: Lerilak Crest

Players

Sean - Winner!

  • Race: Zerg Zerg
  • League: Diamond

LilDicky

  • Race: Terran Terran
  • League: Diamond

VOD

http://www.twitch.tv/tumescentpie

Description

Time

  • Played on: Nov. 23, 2015, 1:55 p.m.
  • Length: 4:49
Show
View Real Time Build Order
Export as new Build Order

Sean Zerg - Winner!

Build Orders: Hatch First 

Get SALT Encoding   

  12  0:01  Drone  
  13  0:09  Drone  
  14  0:18  Overlord  
  14  0:28  Extractor  
  14  0:29  Extractor  
  14  0:30  Drone x2  
  16  0:38  Drone  
  17  0:44  Drone  
  18  1:00  Hatchery  
  17  1:07  Extractor  
  16  1:14  Spawning Pool  
  16  1:16  Drone  
  16  1:19  Drone  
  16  1:25  Drone  
  18  1:38  Drone  
  18  1:39  Overlord  
  19  2:04  Zergling x4  
  19  2:05  Queen  
  23  2:12  Metabolic Boost  
  23  2:13  Queen  
  25  2:16  Zergling x2  
  25  2:17  Drone  
  27  2:30  Zergling x4  
  27  2:33  Evolution Chamber  
  28  2:45  Zergling x6  
  31  2:57  Zergling x2  
  31  2:58  Zergling x2  
  31  3:03  Zergling x2  
  33  3:07  Zergling x4  
  35  3:16  Zergling x2  
  35  3:18  Overlord x2  
  35  3:33  Zergling x2  
  36  3:39  Zergling x8  
  40  3:51  Zergling x2  
  39  4:00  Zergling x8  
  42  4:05  Zergling x4  
  42  4:06  Zergling x4  
  45  4:15  Zergling x2  
  44  4:17  Zergling x2  
  44  4:22  Zergling x2  
  47  4:27  Zergling x2  
Show
View Real Time Build Order
Export as new Build Order

LilDicky Terran 

Build Orders:  

Get SALT Encoding   

  12  0:01  SCV  
  13  0:13  SCV  
  14  0:17  Supply Depot  
  14  0:26  Refinery  
  15  0:28  SCV  
  15  0:40  SCV  
  16  0:45  Barracks  
  16  0:52  SCV  
  17  1:04  SCV  
  18  1:16  SCV  
  19  1:29  SCV  
  20  1:33  Reaper  
  21  1:41  Command Center  
  21  1:51  Orbital Command  
  21  1:59  Refinery  
  21  2:05  Reaper  
  22  2:08  Supply Depot  
  22  2:17  SCV  
  23  2:25  Factory  
  22  2:37  Barracks Reactor  
  22  2:41  SCV  
  23  2:53  SCV  
  23  3:06  Orbital Command  
  23  3:09  SCV  
  23  3:15  Starport  
  23  3:21  Barracks Reactor  
  23  3:26  Hellion, Orbital Command  
  23  3:27  Hellion  
  27  3:28  SCV  
  28  3:47  SCV  
  28  3:48  Hellion x2  
  32  4:19  Orbital Command  
Tags
 
Add a new tag
Caveats
  • Supply blocks, unpowered buildings, or Contaminate may cause inaccurate times.
  • Supply counts are checked every 10 seconds.